[Event "CCT Julius Baer-D3 2024"]
[Site "Online"]
[Date "2024.09.27"]
[Round "2.2"]
[White "Yoo, Christopher Woojin"]
[Black "Niemann, Hans Moke"]
[Result "1/2-1/2"]
[ECO "C67"]
[WhiteElo "2603"]
[BlackElo "2733"]
[Annotator "TA"]
[PlyCount "147"]
[EventDate "2024.09.25"]
[EventType "swiss"]
[EventCountry "NET"]
[SourceTitle "playchess.com"]
[Source "ChessBase"]
[SourceQuality "1"]
[TimeControl "600+2"]

1. e4 e5 2. Nf3 Nc6 3. Bb5 Nf6 4. O-O Nxe4 5. Re1 Nd6 6. Nxe5 Be7 7. Bf1 Nxe5 8. Rxe5 O-O 9. d4 Bf6 {[%emt 0:00:01] C67: Ruy Lopez: Berlin Defence: 4 0-0 Nxe4.} 10. Bd3 Bxe5 11. dxe5 Ne8 12. Nc3 d6 13. Qh5 g6 14. Qh6 Qe7 15. exd6 Nxd6 16. Nd5 Qe5 17. c4 Be6 $146 ({Predecessor:} 17... Nf5 18. Qf4 Qxf4 19. Bxf4 c6 20. Nc7 Rb8 21. Nd5 Ra8 22. Nc7 Rb8 23. Nd5 {½-½ Sanal,V (2581)-Malakhov,V (2669) SRB-chT Premier 2020 (9.4)}) 18. Bf4 Qg7 19. Qxg7+ Kxg7 20. Be5+ Kh6 21. Nxc7 Rad8 22. c5 Nf5 23. Nxe6 (23. Be4 $14) 23... fxe6 $11 24. Bc4 Nd4 25. Bd6 Rf5 (25... Rxd6 $11 {remains equal.} 26. cxd6 Rd8) 26. Bd3 (26. g4 $16 Rg5 27. h3) 26... Rf7 $11 27. Be4 (27. Re1 $11) 27... Nf5 (27... b6 $15) 28. Be5 $11 Rfd7 29. Bf3 {[%emt 0:00:03] [#]} (29. Kf1 $11 {keeps the balance.}) 29... Nd4 $1 $17 30. Bg4 Rd5 31. Bf4+ (31. f4 $1 $15) 31... Kg7 $17 32. b4 h5 33. Bd1 Nc6 34. Bb3 Rd4 35. Bg5 R8d7 36. a3 Rd3 37. Ba4 R7d5 38. h4 Nd4 39. Kh2 Kf7 40. f3 a6 41. Ra2 Nb5 ({Black should play} 41... Re5 $19 42. Bc2 Nxc2 43. Rxc2 Rxa3) 42. Bxb5 $17 axb5 43. a4 bxa4 44. Rxa4 e5 45. Ra8 Rd7 46. Rc8 Rb3 47. c6 bxc6 48. Rxc6 Rxb4 49. Rf6+ Kg7 50. Re6 Rb5 51. Bf6+ Kf7 52. Rxe5 Rxe5 53. Bxe5 Ke6 54. Bf4 Kf5 55. Bg5 Ra7 56. Kh3 Ra3 57. Kg3 Ke5 58. Kf2 Ra2+ 59. Kf1 Kd4 60. Bh6 Kd3 61. Bg5 Ra4 62. Kf2 Rc4 63. Kf1 Rc6 64. Kf2 Kc2 (64... Rc2+ $17 65. Kf1 Ra2) 65. Bh6 (65. Ke3 $1 $11) 65... Kd1 66. Bg5 Rc2+ 67. Kf1 Re2 68. Bh6 Re1+ 69. Kf2 Re6 70. Bg5 Kc2 71. Bh6 Kd3 72. Bg5 Re2+ 73. Kf1 Ra2 74. Bh6 1/2-1/2

[Event "CCT Julius Baer-D3 2024"]
[Site "Online"]
[Date "2024.09.27"]
[Round "2.2"]
[White "Moussard, Jules"]
[Black "Svane, Rasmus"]
[Result "1-0"]
[ECO "C54"]
[WhiteElo "2600"]
[BlackElo "2629"]
[Annotator "TA"]
[PlyCount "77"]
[EventDate "2024.09.25"]
[EventType "swiss"]
[EventCountry "NET"]
[SourceTitle "playchess.com"]
[Source "ChessBase"]
[SourceQuality "1"]
[TimeControl "600+2"]

1. e4 e5 2. Nf3 Nc6 3. Bc4 Bc5 4. c3 Nf6 5. d3 d6 6. Bg5 h6 7. Bh4 a6 8. a4 Ba7 9. Nbd2 Qe7 10. O-O {[%emt 0:00:08] The position is equal.} g5 11. Bg3 Nd7 12. b4 Nf8 13. b5 Na5 14. Bd5 ({White should try} 14. bxa6 $11 bxa6 15. Bd5) 14... c6 ({Better is} 14... Ng6 $15 15. h3 c6) 15. Ba2 (15. bxc6 {feels hotter.} bxc6 16. Nc4 cxd5 17. Nxd6+ Qxd6 18. Bxe5 Qg6 19. Bxh8 dxe4 20. Ne5) 15... Ng6 {[%emt 0:00:06] ...g4 is the strong threat.} 16. Qb1 h5 17. b6 Bb8 18. Qb4 $36 {[%emt 0:00:01][%mdl 2048] White has good play.} g4 19. Ne1 (19. Qxa5 gxf3 20. Nxf3 Bg4 $17 (20... h4 21. d4 $15)) (19. Nh4 $14 Nxh4 20. Bxh4 (20. Qxa5 Ng6 $15) 20... Qxh4 21. Qxa5) 19... h4 $15 20. Qxa5 f5 (20... Qg5 $11 21. Rd1 (21. f4 Qh6 $15) 21... Qh5) 21. exf5 $14 Bxf5 22. d4 (22. Qb4 {simplifies} d5 23. Qxe7+ Nxe7 24. Bb1) 22... hxg3 (22... Qg5 $11 23. dxe5 (23. f4 Qh6 $15) 23... d5 (23... hxg3 24. exd6 gxh2+ 25. Kh1 $16)) 23. fxg3 $16 Qg5 {[%emt 0:00:21] [#] aiming for ...Qe3+.} 24. Rf2 $1 {[%emt 0:01:03] White is more active.} d5 {[%emt 0:00:36] [#]} 25. Bxd5 $1 cxd5 {[%emt 0:00:04] A mistake that costs the game.} (25... Ne7 $16 26. Ba2 Qh5) (25... Qh5 26. Nf1) 26. Qxd5 $18 Ne7 $2 ({Of course not} 26... Qh5 27. h4 gxh3 28. Qxb7 hxg2 29. Qxg2 (29. Qc6+ Ke7 $15)) (26... Qe3 {was worth a try.}) 27. Qxb7 Qh6 28. Nf1 ({Don't play} 28. Qxa8 Qxh2+ 29. Kf1 O-O $18) 28... O-O 29. Qxa8 exd4 $2 (29... Qxb6 30. a5 Qa7 31. Qxa7 Bxa7) 30. Qxa6 {[%emt 0:00:07] White is clearly winning.} Be5 31. cxd4 Bg7 32. Qc4+ Kh7 33. a5 Qd6 34. Rd1 Nc6 35. Qc5 Qd7 36. d5 Ne5 37. Ne3 Rc8 38. Qb4 Bg6 39. b7 {[%emt 0:00:03] Weighted Error Value: White=0.22 (precise) /Black=0.41.  Loses game:     	---       	Black=1      Mistake:       	White=2     	Black=5      Inaccurate:     	White=1     	Black=2      OK:         	White=7     	Black=9      Best:        	White=3     	Black=1      Strong:       	White=1     	---        Brilliant:      	White=1     	---} 1-0

[Event "CCT Julius Baer-D3 2024"]
[Site "Online"]
[Date "2024.09.27"]
[Round "2.2"]
[White "Bharath Subramaniyam H"]
[Black "Navara, David"]
[Result "0-1"]
[ECO "C54"]
[WhiteElo "2561"]
[BlackElo "2681"]
[Annotator "TA"]
[PlyCount "106"]
[EventDate "2024.09.25"]
[EventType "swiss"]
[EventCountry "NET"]
[SourceTitle "playchess.com"]
[Source "ChessBase"]
[SourceQuality "1"]
[TimeControl "600+2"]

1. e4 e5 2. Nf3 Nc6 3. Bc4 Bc5 4. d3 Nf6 5. O-O O-O 6. h3 h6 7. Re1 d6 8. c3 a5 {[%emt 0:00:01] C54: Giuoco Piano: 4 c3 Nf6, main lines with 5 d4 and 5 d3.} 9. Bb3 b5 10. d4 Bb6 11. Be3 a4 12. Bc2 exd4 13. Nxd4 $146 ({Predecessor:} 13. cxd4 Nb4 14. Nc3 Nxc2 15. Qxc2 Ba5 16. Bd2 Rb8 17. e5 dxe5 18. dxe5 Bxc3 19. Qxc3 {1-0 Firouzja,A (2749)-Ding,L (2791) Skilling op Prelim rapid 2020 (11)}) 13... Nxd4 14. cxd4 Bb7 15. Nc3 Ba5 16. Bd2 Re8 17. Nxb5 Nxe4 18. Bxa5 Rxa5 19. Bxe4 Bxe4 20. Nc3 Bb7 21. Qd2 a3 ({Don't play} 21... Rxe1+ 22. Qxe1 Qg5 23. g3 $17) 22. b3 Rg5 23. d5 Rge5 24. Rxe5 Rxe5 25. Rd1 Bc8 26. Kh2 Qf6 27. Re1 Bd7 28. Rxe5 Qxe5+ 29. Kg1 g5 30. Qe3 Qxe3 31. fxe3 Kg7 32. Nb1 Kf6 33. Nxa3 Ke5 34. Kf2 Kxd5 35. Nb1 ({Better is} 35. Nc2 $15) 35... Ke4 $17 36. Ke2 (36. Nc3+ $17 {was called for.} Kd3 37. Nd5) 36... Bb5+ $19 37. Kd2 {[%emt 0:00:01] [#]} Bf1 $1 38. Nc3+ Ke5 39. g3 Bxh3 40. a4 $2 {[%emt 0:00:00] [#]} (40. b4 $17 {was the only chance.}) 40... c5 $1 $19 41. a5 Bf1 42. Na4 $2 (42. e4) 42... h5 $19 43. Nb6 Bb5 44. Ke1 (44. Nc4+ $142 Kd5 45. Nb6+ Kc6 46. e4) 44... d5 $19 45. Kf2 Kd6 46. Nc8+ Kd7 47. Nb6+ Ke6 48. Na8 Kd6 49. Nb6 f5 50. Nc8+ Ke6 51. Na7 Bd7 52. a6 Kd6 53. Ke2 Kc7 0-1

[Event "CCT Julius Baer-D3 2024"]
[Site "Online"]
[Date "2024.09.27"]
[Round "2.2"]
[White "Makarian, Rudik"]
[Black "Theodorou, Nikolas"]
[Result "1/2-1/2"]
[ECO "E16"]
[WhiteElo "2550"]
[BlackElo "2619"]
[Annotator "TA"]
[PlyCount "59"]
[EventDate "2024.09.25"]
[EventType "swiss"]
[EventCountry "NET"]
[SourceTitle "playchess.com"]
[Source "ChessBase"]
[SourceQuality "1"]
[TimeControl "600+2"]

1. d4 Nf6 2. c4 e6 3. Nf3 Bb4+ 4. Bd2 Qe7 5. g3 Bxd2+ 6. Qxd2 b6 7. Bg2 Bb7 8. O-O O-O 9. Rd1 d6 10. Qd3 Nbd7 11. Nc3 Rfe8 12. e4 e5 13. Re1 c5 14. dxc5 Nxc5 15. Qc2 Rac8 16. Rad1 g6 17. Bh3 Rcd8 18. b4 Ne6 19. Nd5 Nxd5 20. cxd5 Ng7 21. Re3 Bc8 22. Bxc8 Rxc8 23. Rc3 Rxc3 24. Qxc3 f5 25. Nd2 Rf8 26. Kg2 Nh5 27. exf5 gxf5 28. Nf3 Qg7 29. h3 Nf6 30. Nh4 {[%emt 0:00:16] Weighted Error Value: White=0.08 (flawless) /Black=0.07 (flawless) .  Inaccurate:     	White=3     	Black=3      OK:         	White=11    	Black=9} 1/2-1/2

[Event "CCT Julius Baer-D3 2024"]
[Site "Online"]
[Date "2024.09.27"]
[Round "2.3"]
[White "Niemann, Hans Moke"]
[Black "Yoo, Christopher Woojin"]
[Result "1/2-1/2"]
[ECO "C42"]
[WhiteElo "2733"]
[BlackElo "2603"]
[Annotator "TA"]
[PlyCount "128"]
[EventDate "2024.09.25"]
[EventType "swiss"]
[EventCountry "NET"]
[SourceTitle "playchess.com"]
[Source "ChessBase"]
[SourceQuality "1"]
[TimeControl "600+2"]

1. e4 e5 2. Nf3 Nf6 3. Nxe5 d6 4. Nf3 Nxe4 5. Qe2 Qe7 6. g3 {[%emt 0:00:00] C42: Petroff Defence: 3 Nxe5 and unusual White 3rd moves.} Nf6 7. Bg2 Nc6 8. d3 Qxe2+ 9. Kxe2 Bg4 10. c3 $146 ({Predecessor:} 10. Re1 Be7 11. c3 Ne5 12. d4 Nxf3 13. Bxf3 Bxf3+ 14. Kxf3 Nd5 15. Bg5 O-O 16. Bxe7 {1-0 Uppal,M (1215)-Puhar,J Hong Kong Caissa Sunday op 2019 (1)}) 10... O-O-O 11. h3 Re8+ 12. Be3 Bxf3+ 13. Bxf3 d5 14. d4 Ne7 15. Bg4+ Nxg4 16. hxg4 f5 17. g5 Ng6 18. Kd3 f4 19. gxf4 Bd6 20. f5 Nf4+ $1 21. Bxf4 Bxf4 22. Nd2 Bxg5 23. Nf3 Bf6 24. Rae1 Rxe1 25. Nxe1 h6 26. Ng2 Rf8 27. f4 c6 28. Ne3 Kd7 29. Ng4 Bd8 30. Rh5 Kd6 31. Ne5 a5 32. a4 b5 33. b3 bxa4 34. bxa4 Be7 35. Kc2 Bd8 36. Kd3 Bf6 37. Ng4 Bd8 38. Ne3 Rf7 39. Rh1 Rb7 40. Rg1 h5 41. Rh1 h4 42. Ng2 Rf7 43. Nxh4 Bxh4 44. Rxh4 Rxf5 45. Rg4 Rf7 46. Rg6+ Rf6 47. Rxg7 Rxf4 48. Ra7 Rf2 49. Rxa5 Kc7 50. Rc5 Ra2 51. a5 Kd6 52. Ke3 Kd7 53. Kf4 Kd6 54. Kg5 Kd7 55. Kf6 Kd6 56. Kf7 Kd7 57. Kf8 Rf2+ 58. Kg7 Ra2 59. Kf6 Kd6 60. Kf5 Rf2+ 61. Kg4 Ra2 62. Kf3 Kd7 63. Ke3 Kd6 64. Kd3 Kd7 1/2-1/2

[Event "CCT Julius Baer-D3 2024"]
[Site "Online"]
[Date "2024.09.27"]
[Round "2.3"]
[White "Navara, David"]
[Black "Bharath Subramaniyam H"]
[Result "1/2-1/2"]
[ECO "E15"]
[WhiteElo "2681"]
[BlackElo "2561"]
[Annotator "TA"]
[PlyCount "141"]
[EventDate "2024.09.25"]
[EventType "swiss"]
[EventCountry "NET"]
[SourceTitle "playchess.com"]
[Source "ChessBase"]
[SourceQuality "1"]
[TimeControl "600+2"]

1. d4 {[%emt 0:00:02] Krasenkow,Michal} Nf6 2. c4 e6 3. Nf3 b6 4. g3 Ba6 5. b3 Bb4+ 6. Bd2 Be7 7. Bg2 d5 8. cxd5 exd5 9. Nc3 O-O 10. O-O Re8 11. Ne5 {[%emt 0:00:07] E15: Queen's Indian: 4 g3 sidelines, 4 g3 Ba6 and 4 g3 Bb7 early deviations.} Bb7 12. Rc1 Nbd7 13. Bf4 Nf8 14. Nb5 Ne6 15. Nc6 Qd7 16. Nxe7+ Rxe7 17. Nc3 Nxf4 18. gxf4 Ne4 $146 ({Predecessor:} 18... a5 19. e3 Ba6 20. Re1 Rd8 21. Rc2 g6 22. Qd2 h5 23. Rec1 h4 24. h3 Qf5 {1-0 Praggnanandhaa,R (2608)-Karjakin,S (2757) NIC Classic Prelim rapid 2021 (5)}) 19. e3 Re6 20. Bxe4 dxe4 21. Kh1 Rg6 22. Rg1 Rd8 23. Qh5 Re8 24. f5 Rxg1+ 25. Rxg1 f6 26. Ne2 Re7 27. Nf4 Qe8 28. Qxe8+ Rxe8 29. Nh5 Re7 30. Nxf6+ Kh8 31. Ng4 Rf7 32. Rc1 c6 33. f4 Rxf5 34. Ne5 g5 35. fxg5 c5 36. h4 cxd4 37. exd4 e3+ 38. Kg1 Rf4 39. Re1 Rxh4 40. Rxe3 Rxd4 41. Nf7+ Kg7 42. Re7 Bd5 43. Ne5+ Kg8 44. Rxa7 Be4 45. Rd7 (45. Kf2 $16 {Hoping for Ke3.} Bb1 46. Ra8+ Kg7 47. Ra7+ Kg8 48. Ra8+ Kg7 49. Nf3) 45... Rb4 46. Ng4 Bb1 47. Nf6+ Kh8 48. Kf2 Rb5 $1 49. Nd5 Bxa2 50. Nf6 Bb1 51. Ke3 Rxg5 52. Kd4 Rg3 $2 (52... h5 $15 53. Rd6 h4 54. Rxb6 h3) 53. b4 $2 (53. Rd8+ $18 Kg7 54. Nh5+ Kf7 55. Nxg3) 53... Rf3 54. Ke5 Re3+ 55. Kf4 Rb3 56. Kg5 Rxb4 57. Rd8+ Kg7 58. Rd7+ Kf8 59. Nxh7+ Bxh7 60. Rxh7 Rd4 61. Kf6 Ke8 62. Rb7 $1 Rd6+ 63. Ke5 Rh6 64. Kd5 Kd8 65. Kc4 Kc8 66. Rf7 Rc6+ 67. Kb5 Rc7 68. Rf6 Kd7 69. Kxb6 Rc1 70. Rf5 Ke6 71. Rc5 1/2-1/2

[Event "CCT Julius Baer-D3 2024"]
[Site "Online"]
[Date "2024.09.27"]
[Round "2.3"]
[White "Alekseenko, Kirill"]
[Black "Caruana, Fabiano"]
[Result "0-1"]
[ECO "C50"]
[WhiteElo "2679"]
[BlackElo "2798"]
[Annotator "RC"]
[PlyCount "126"]
[EventDate "2024.09.25"]
[EventType "swiss"]
[EventCountry "NET"]
[SourceTitle "playchess.com"]
[Source "ChessBase"]
[SourceQuality "1"]
[TimeControl "600+2"]

1. e4 e5 2. Nf3 Nc6 3. Bc4 Bc5 4. d3 d6 5. a3 h6 6. Nc3 a6 7. Be3 Nge7 8. Bxc5 dxc5 9. Nd5 Be6 10. Ne3 Qd7 11. O-O Ng6 12. Bxe6 Qxe6 13. g3 O-O 14. a4 a5 15. b3 b6 16. Kg2 Rad8 17. Qe2 Nge7 18. Rae1 Rde8 19. Qd1 f5 20. exf5 Nxf5 21. Nxf5 Rxf5 22. Nd2 Ref8 23. Re4 Qd5 24. Nc4 Qf7 25. f3 Kh7 26. c3 Rd8 27. Rfe1 Qg6 28. R1e3 Kh8 29. Qe2 Qf7 30. Rh4 Qd5 31. Rg4 Rdf8 32. Rge4 Qf7 33. Qd1 Qf6 34. h3 Kg8 35. Qe2 Nd4 36. cxd4 cxd4 37. Nxe5 dxe3 38. Nd7 Qc3 39. Nxf8 Rxf8 40. Qxe3 Qxb3 41. h4 Qa2+ 42. Kh3 Qf7 43. Kg2 Qa2+ 44. Kh3 Qf7 45. f4 Rd8 46. d4 Qd7+ 47. g4 h5 48. f5 hxg4+ 49. Kxg4 Qxa4 50. h5 Qd7 51. h6 g6 52. h7+ Kh8 53. Rf4 gxf5+ 54. Kg3 Re8 55. Qf3 Qg7+ 56. Kh3 Qh6+ 57. Kg2 Qg7+ 58. Kf1 Qe7 59. Qf2 Rf8 60. d5 Qe5 61. Kg2 Qxd5+ 62. Kh2 Qe5 63. Kh3 Rf7 0-1

[Event "CCT Julius Baer-D3 2024"]
[Site "Online"]
[Date "2024.09.27"]
[Round "2.3"]
[White "Gelfand, Boris"]
[Black "Korobov, Anton"]
[Result "1/2-1/2"]
[ECO "A07"]
[WhiteElo "2658"]
[BlackElo "2650"]
[Annotator "RC"]
[PlyCount "138"]
[EventDate "2024.09.25"]
[EventType "swiss"]
[EventCountry "NET"]
[SourceTitle "playchess.com"]
[Source "ChessBase"]
[SourceQuality "1"]
[TimeControl "600+2"]

1. Nf3 d5 2. g3 Bg4 3. Bg2 Nd7 4. h3 Bxf3 5. Bxf3 c6 6. d3 Ngf6 7. O-O e5 8. e4 Be7 9. exd5 Nxd5 10. Re1 O-O 11. Bg2 Bc5 12. Nc3 Nxc3 13. bxc3 Qa5 14. Bd2 Rad8 15. d4 Bb6 16. a4 exd4 17. cxd4 Qf5 18. c3 Nf6 19. Qb1 Qc8 20. Qb3 Ba5 21. Bg5 Rd6 22. Re5 Bc7 23. a5 h6 24. Bd2 b5 25. axb6 Bxb6 26. Bf4 Nd5 27. Bd2 Nc7 28. Bc1 Re8 29. Ba3 Rxe5 30. Bxd6 Re6 31. Be5 Qd7 32. h4 Qe7 33. Kh2 Rxe5 34. dxe5 Bxf2 35. Rf1 Bxg3+ 36. Kxg3 Qxe5+ 37. Kh3 Ne6 38. Qc4 g5 39. Qe4 Qxc3+ 40. Kh2 c5 41. Qf5 Qg7 42. Bd5 Nf4 43. Qc8+ Qf8 44. Qxf8+ Kxf8 45. Bc4 Kg7 46. hxg5 hxg5 47. Ra1 f5 48. Ra6 Ng6 49. Bd3 Nh4 50. Rxa7+ Kf6 51. Rc7 Ke5 52. Be2 Kd4 53. Rg7 Ke3 54. Bd1 c4 55. Kg3 f4+ 56. Kg4 c3 57. Rxg5 f3 58. Kxh4 f2 59. Rf5 Kd2 60. Ba4 Ke1 61. Re5+ Kd2 62. Rd5+ Ke2 63. Kg3 f1=Q 64. Bb5+ Ke1 65. Bxf1 c2 66. Rc5 Kd2 67. Rd5+ Kc3 68. Rc5+ Kd2 69. Rxc2+ Kxc2 1/2-1/2

[Event "CCT Julius Baer-D3 2024"]
[Site "Online"]
[Date "2024.09.27"]
[Round "2.3"]
[White "Svane, Rasmus"]
[Black "Moussard, Jules"]
[Result "0-1"]
[ECO "D35"]
[WhiteElo "2629"]
[BlackElo "2600"]
[Annotator "TA"]
[PlyCount "130"]
[EventDate "2024.09.25"]
[EventType "swiss"]
[EventCountry "NET"]
[SourceTitle "playchess.com"]
[Source "ChessBase"]
[SourceQuality "1"]
[TimeControl "600+2"]

1. c4 e6 2. Nc3 d5 3. d4 Nf6 4. cxd5 exd5 5. Bg5 c6 6. e3 h6 7. Bh4 Be7 8. Bd3 O-O 9. Nge2 {[%emt 0:00:01] 9.Bg3 is setting a new trend. D35: Queen's Gambit Declined: Exchange Variation.} Ne8 10. Bg3 Nd6 11. O-O Re8 12. Qd2 Bf8 $146 ({Predecessor:} 12... Nd7 13. f3 Nb6 14. b3 Bg5 15. Bf4 Nf5 16. Bxf5 Bxf5 17. Rae1 Bf6 18. Nc1 Bh7 {½-½ Schriever Abeln,M (1929)-Pantzar,M (2472) Norrkoeping Easter op 2024 (1)}) 13. f3 Nc4 14. Bxc4 dxc4 15. e4 b5 16. a4 b4 17. Nd1 Ba6 18. Re1 Nd7 19. Qc2 Qa5 20. Ne3 Nb6 21. Red1 Rac8 22. Bf2 Rcd8 23. Ng3 Rd7 24. Ng4 b3 25. Qc1 c3 26. Be1 cxb2 27. Qxb2 Bb4 28. Qxb3 Bxe1 29. Rxe1 Rxd4 30. Nf5 Rd2 31. Nfxh6+ gxh6 32. Nf6+ Kf8 33. Qa3+ Re7 34. Rad1 $2 {[%emt 0:00:06] [#]} (34. Ng8 $17 {was the only chance.} c5 (34... Rxg2+ $2 35. Kxg2 c5 36. Nxe7 $18) 35. Nxe7 Nc4) 34... Nc4 $1 $19 (34... Qxa4 $2 35. Qxa4 (35. Rxd2 $2 Qxa3 36. Rd8+ Kg7 $19) 35... Nxa4 36. Rxd2 $18) 35. Nh7+ Ke8 36. Nf6+ Kd8 37. Rxd2+ $2 (37. Qc1 Kc7 38. Rxd2 Qxd2 39. Qxd2 Nxd2 40. f4) 37... Qxd2 $19 38. Qa1 Ne3 39. Rxe3 Qxe3+ 40. Kh1 Re6 41. h3 Qd2 42. Ng4 Kc7 43. Qg7 Bf1 44. Qxf7+ Kb6 45. Ne3 Qxe3 46. Qxe6 Qf2 47. Qb3+ Kc5 $2 (47... Ka6 $19 {[%csl Gf1][%cal Rf2g2] has better winning chances.} 48. Qg8 Ka5) 48. Qc3+ $17 {[%emt 0:00:01] [#]} Kb6 $2 (48... Kd6 $1 $17 49. Qg7 h5 50. e5+ Kd5 51. Qd7+ Kxe5 52. f4+ Ke4 (52... Qxf4 53. Qc7+ Ke4 54. Qxc6+ Kd4 55. Qd7+ Kc3 56. Qxa7 $11) (52... Kxf4 53. Qf7+ Ke3 54. Qxa7+ Ke2 55. Qa6+ Kd2 56. Qxc6 $11) 53. Qxc6+ Kd4 (53... Kxf4 54. Qc7+ Ke4 55. Qh7+ Kd5 56. Qxh5+ Kc4 57. Qb5+ Kc3 58. Qg5 $17)) 49. Qb3+ $19 Ka6 50. Qg8 Ka5 51. e5 Qe3 52. e6 Kxa4 53. Qe8 $2 (53. e7 Qxe7 54. Qa2+ Qa3 55. Qc2+ Ka5 56. Qxc6) 53... Bb5 $19 54. Qd7 a5 55. e7 c5 56. Qg4+ $2 (56. Qd1+ Ka3 57. Qa1+ Kb4 58. Qb1+ Kc4 59. Qa2+ Qb3 60. Qe2+ Qd3 61. Qe6+ Kc3 62. Kh2) 56... c4 $19 57. Qg6 Qe1+ (57... Qxe7 58. Qc2+ Ka3 (58... Kb4 59. Qb2+ Ka4 60. Qc2+ Ka3 61. Qc3+ Ka2 62. Qc2+ Ka1 63. Qc1+ Ka2 64. Qc2+ Ka1 65. Qc1+ Ka2 66. Qc2+ $11) 59. Qc3+ Ka4 60. Qc2+ Ka3 (60... Kb4 61. Qb2+ Ka4 62. Qc2+ $11) 61. Qc3+ Ka4 62. Qc2+ $11) 58. Kh2 Qe5+ (58... Qxe7 59. Qc2+ Ka3 (59... Kb4 60. Qb2+ Ka4 61. Qc2+ Ka3 62. Qc3+ Ka2 63. Qc2+ Ka3 64. Qc3+ Ka4 65. Qc2+ $11) 60. Qc3+ Ka2 (60... Ka4 61. Qc2+ Kb4 62. Qb2+ Ka4 63. Qc2+ $11) 61. Qc2+ Ka1 (61... Ka3 62. Qc3+ Ka4 63. Qc2+ Ka3 $11) 62. Qc1+ Ka2 63. Qc2+ Ka3 64. Qc3+ Ka2 (64... Ka4 65. Qc2+ Kb4 66. Qb2+ Ka4 67. Qc2+ $11) 65. Qc2+ $11) 59. Kg1 Qxe7 $2 (59... c3 $19 {( -> ...Qc5+)} 60. Qc2+ Kb4 61. Qb1+ Kc5) 60. Qxh6 $2 (60. Qc2+ $11 Ka3 (60... Kb4 61. Qb2+ Ka4 62. Qc2+ Ka3 63. Qc3+ Ka2 64. Qc2+ Ka3 65. Qc3+ Ka2 66. Qc2+ Ka3 $11) 61. Qc3+ Ka4 62. Qc2+ Ka3 (62... Kb4 63. Qb2+ Ka4 64. Qc2+ $11) 63. Qc3+ Ka2 (63... Ka4 64. Qc2+ $11) 64. Qc2+ Ka1 (64... Ka3 65. Qc3+ $11) 65. Qc1+ Ka2 66. Qc2+ Ka3) 60... Qc5+ 61. Kh2 c3 62. Qc1 c2 63. h4 Kb3 64. g4 Qf2+ 65. Kh3 Bf1+ 0-1

[Event "CCT Julius Baer-D3 2024"]
[Site "Online"]
[Date "2024.09.27"]
[Round "2.3"]
[White "Santos Latasa, Jaime"]
[Black "Keymer, Vincent"]
[Result "1/2-1/2"]
[ECO "C54"]
[WhiteElo "2624"]
[BlackElo "2730"]
[Annotator "TA"]
[PlyCount "88"]
[EventDate "2024.09.25"]
[EventType "swiss"]
[EventCountry "NET"]
[SourceTitle "playchess.com"]
[Source "ChessBase"]
[SourceQuality "1"]
[TimeControl "600+2"]

1. e4 e5 2. Nf3 Nc6 3. Bc4 Nf6 4. d3 Bc5 5. O-O a6 6. c3 Ba7 7. a4 {[%emt 0:00:02] now supersedes 7.Bb3. C54: Giuoco Piano: 4 c3 Nf6, main lines with 5 d4 and 5 d3.} d6 8. Re1 O-O 9. h3 h6 10. Nbd2 Be6 11. Bxe6 fxe6 12. b4 Ne7 13. Nf1 Ng6 14. Ra2 d5 15. exd5 $146 ({Predecessor:} 15. Qe2 Qd6 16. c4 dxc4 17. dxc4 a5 18. bxa5 Bc5 19. Bd2 Qc6 20. Rb2 b6 21. Rb5 {½-½ Carlsen,M (2830)-Keymer,V (2726) Chess.com Classic Div 1 W rapid 2024 (3.1)}) 15... Nxd5 16. Rc2 Qd7 17. a5 Qa4 18. Bd2 (18. Nxe5 $2 Nxe5 19. d4 (19. Rxe5 $2 Rxf2 20. Be3 Qxc2 $19) 19... Ng6 20. Rxe6 Ngf4 (20... Nxc3 21. Qd3 $11) 21. Bxf4 Nxf4 $19) 18... Rxf3 19. gxf3 Rf8 20. Nh2 (20. Re4 $11) 20... Rf5 (20... Ndf4 $17 21. Bxf4 Nxf4) 21. Be3 $11 c5 22. Rc1 (22. Kh1 $11 {keeps the balance.}) 22... Qe8 23. bxc5 (23. Kh1 $17) 23... Ngf4 $1 $19 (23... Nh4 24. Kh1 $14) 24. Kh1 Qh5 $2 ({Black should play} 24... Nxh3 $19 {...Nxe3 is the strong threat.} 25. Re2 Qe7) 25. Rg1 $1 $11 Nxh3 26. Rg2 Qh4 27. Qd2 Rh5 28. Rg4 Qf6 29. c6 {[%emt 0:00:15] [#]} (29. Rg3 $1 $11) 29... Ng5 (29... bxc6 $1 $17 {[%cal Oh3g5] aiming for ...Ng5!} 30. Qe2 (30. Bxa7 $2 Ng5 $19) 30... Ndf4) 30. Bxg5 $11 (30. Bxa7 {is a self mate.} Qxf3+ (30... Rxh2+ $2 31. Kxh2 Nxf3+ 32. Kh1 $19) (30... Nxf3 $2 31. Kg2 $19) 31. Rg2 Rxh2+ 32. Kxh2 Qh5+ (32... bxc6 $2 33. Rxg5 hxg5 34. Qd1 $18) 33. Kg1 Nf3+ (33... bxc6 $2 34. Rxg5 hxg5 35. Qd1 $18) 34. Kf1 Nxd2+ 35. Ke1 Nf3+ 36. Ke2 Nf4+ (36... bxc6 37. c4 Nd4+ 38. Kf1 Qh1+ 39. Rg1) 37. Kd1 Nd4+ (37... Nxg2 $2 38. Kc2 $19) (37... Nxg2 $2 38. Kc2 $19)) 30... hxg5 31. Kg2 (31. cxb7 $2 {loses.} Qxf3+ 32. Kg1 Qh3 (32... Rxh2 33. Kxh2 Qxg4 34. Rg1 $19) 33. Rxg5 (33. Rg2 $2 Nf4 $19) 33... Qxh2+ 34. Kf1 Nf4 $19) (31. c4 $11 Qxf3+ 32. Kg1) 31... bxc6 $15 32. Rh1 $1 Nf4+ (32... Qf5 $1 $15 33. Kg1 Nf4) 33. Rxf4 $1 $11 Qxf4 34. Qxf4 gxf4 35. Rb1 Bxf2 36. Ng4 Be3 37. Rb8+ Kh7 38. Rc8 e4 39. fxe4 Rxa5 40. Rxc6 Rc5 41. Rxa6 Rxc3 42. Rd6 Bc5 43. Rd7 Kg6 44. Kf3 Be3 1/2-1/2

[Event "CCT Julius Baer-D3 2024"]
[Site "Online"]
[Date "2024.09.27"]
[Round "2.3"]
[White "Theodorou, Nikolas"]
[Black "Makarian, Rudik"]
[Result "1-0"]
[ECO "C26"]
[WhiteElo "2619"]
[BlackElo "2550"]
[Annotator "TA"]
[PlyCount "91"]
[EventDate "2024.09.25"]
[EventType "swiss"]
[EventCountry "NET"]
[SourceTitle "playchess.com"]
[Source "ChessBase"]
[SourceQuality "1"]
[TimeControl "600+2"]

1. e4 e5 2. Nf3 Nc6 3. Nc3 Nf6 4. g3 Bc5 5. Bg2 d6 6. d3 a5 {[%emt 0:00:03] is the new trend. C26: Vienna Game: 2...Nf6, sidelines .} 7. O-O h6 8. h3 O-O 9. Kh2 Be6 10. Na4 Ba7 11. c4 Nd7 12. Be3 Nd4 $146 ({Predecessor:} 12... f5 13. exf5 Bxf5 14. Bxa7 Rxa7 15. d4 Kh8 16. Nc3 Ra8 17. dxe5 Ndxe5 18. Nxe5 Nxe5 {1-0 Sadhwani,R (2654)-Wagner,D (2613) Chess.com Classic Play In rapid 2024 (3)}) 13. Nc3 Nxf3+ 14. Qxf3 c6 15. Bxa7 Rxa7 16. Qe3 Qb6 17. Qxb6 Nxb6 18. f4 f6 19. h4 Nd7 20. Rad1 Raa8 21. Bh3 Bxh3 22. Kxh3 f5 ({Black should try} 22... a4 $11) 23. fxe5 $14 fxe4 24. Rxf8+ (24. exd6 $6 Rxf1 25. Rxf1 exd3 $11) 24... Rxf8 25. e6 ({Don't play} 25. Nxe4 $6 dxe5 26. c5 a4 $14) ({Not} 25. dxe4 Nxe5 26. Rxd6 h5 $15) 25... Nc5 26. Nxe4 ({Much less strong is} 26. dxe4 $6 Nxe6 27. Rxd6 Nc5 $11) 26... Nxe6 27. Nxd6 Rf2 28. Nxb7 Rxb2 (28... a4 $16) 29. Nxa5 $18 Nd4 30. Nb3 $1 Nxb3 31. axb3 Rxb3 32. Kg4 Kf7 33. Kf5 Ra3 34. Rf1 Ra5+ 35. Ke4+ Ke6 {[%emt 0:00:00] [#]} 36. Rf8 $1 Ra1 (36... Re5+ {is a better defense.} 37. Kf4 g5+ 38. Kg4 Ke7) 37. Re8+ $18 Kd6 (37... Kd7 $142 38. Rg8 Re1+ 39. Kd4 Re7) 38. Kf5 $18 Kc5 39. Kg6 Ra7 40. Rg8 Rd7 41. Rxg7 Rxd3 42. Kxh6 Kxc4 43. g4 c5 44. g5 Kb5 45. g6 c4 46. Rc7 1-0